Calgary Flames vs Winnipeg Jets
(R1)
Created - Sunday, May 5, 2024 at 08:10
Goals
|
| Calgary Flames |
1 |
1 |
4 |
6 |
| Winnipeg Jets |
2 |
1 |
1 |
4 |
|
Shots
|
| Calgary Flames |
12 |
8 |
18 |
38 |
| Winnipeg Jets |
9 |
10 |
7 |
26 |
|
1st period
1. Calgary Flames , Drew Doughty 5 (Sebastian Aho 45) at 2:12 (PP)
2. Winnipeg Jets , Pius Suter 7 (Sam Steel 7, Klim Kostin 9) at 4:35
3. Winnipeg Jets , Joel Armia 9 (Matthew Beniers 13, Kaiden Guhle 12) at 11:34
Penalties :
Andrew Cogliano (WPG) for Interference (Minor) at 1:39, Drew Doughty (CGY) for Hooking (Minor) at 6:58, Matthew Tkachuk (CGY) for Cross-checking (Minor) at 13:19
2nd period
4. Winnipeg Jets , Joel Armia 10 (Barclay Goodrow 4, Matthew Beniers 14) at 2:11
5. Calgary Flames , Sebastian Aho 32 (Zach Hyman 36, Timo Meier 19) at 11:59 (PP)
Penalties :
Jacob Middleton (CGY) for Slashing (Minor) at 2:16, Ty Smith (WPG) for Slashing (Minor) at 5:36, Dylan Samberg (WPG) for Cross-checking (Minor) at 10:14, Rasmus Andersson (CGY) for Roughing (Minor) at 12:14, Timo Meier (CGY) for Tripping (Minor) at 17:09, Barclay Goodrow (WPG) for Holding Stick (Minor) at 19:28
3rd period
6. Calgary Flames , Oliver Bjorkstrand 12 (Mathieu Joseph 10) at 1:41
7. Calgary Flames , Matthew Tkachuk 29 (Joel Eriksson Ek 26) at 6:34
8. Calgary Flames , Matthew Tkachuk 30 (Joel Eriksson Ek 27, J.T. Miller 41) at 12:41 (PP)
9. Winnipeg Jets , Kaapo Kakko 25 (Andrew Cogliano 21, Nick Suzuki 47) at 14:33
10. Calgary Flames , Matthew Tkachuk 31 (Jacob Middleton 4) at 18:09
Penalties :
Barclay Goodrow (WPG) for High sticking (Minor) at 7:47, Jordan Harris (WPG) for High sticking (Minor) at 10:32, Ty Smith (WPG) for Interference (Minor) at 12:01
Goalie Stats
Ilya Sorokin (CGY), 22 saves from 26 shots - (0.846), W, 27-6-2, 60:00 minutes
Pavel Francouz (WPG), 32 saves from 38 shots - (0.842), L, 7-9-1, 60:00 minutes
Players Stats for Calgary Flames
Player Name G A P +/- PIM S H SB GA TA FO MP PP MP PK MP
------------------------------------------------------------------------------------
Cole Sillinger 0 0 0 0 0 3 1 0 0 0 2/4 6:02 0:00 0:09
Drew Doughty 1 0 1 0 2 1 0 1 1 1 0/0 22:00 5:07 2:57
J.T. Miller 0 1 1 1 0 3 1 3 1 1 18/28 21:49 5:10 4:49
Jacob Middleton 0 1 1 1 2 0 1 1 0 0 0/0 12:47 0:00 0:16
Joel Eriksson Ek 0 2 2 1 0 0 2 0 1 2 3/4 22:14 5:10 4:50
Kris Letang 0 0 0 1 0 3 0 1 0 0 0/0 24:20 5:07 6:11
Mathieu Joseph 0 1 1 0 0 4 4 0 1 1 0/0 16:08 0:00 4:50
Matthew Tkachuk 3 0 3 1 2 6 3 0 0 1 0/3 17:57 5:10 0:25
Michael Anderson 0 0 0 -2 0 1 4 1 0 0 0/0 20:49 5:17 1:26
Nic Dowd 0 0 0 0 0 0 0 1 0 0 7/15 15:21 0:00 4:40
Oliver Bjorkstrand 1 0 1 0 0 3 0 0 1 0 0/1 10:36 0:00 0:00
Rafael Harvey-Pinard 0 0 0 0 0 1 0 0 0 0 0/0 5:53 0:00 0:00
Rasmus Andersson 0 0 0 0 2 0 1 0 0 0 0/0 22:16 5:17 3:16
Ryan McDonagh 0 0 0 -2 0 1 0 0 1 0 0/0 17:52 0:00 5:30
Sebastian Aho 1 1 2 -2 0 6 1 0 0 0 8/12 16:15 5:14 0:21
Timo Meier 0 1 1 -2 2 3 1 0 0 1 1/2 15:54 5:14 0:00
Yakov Trenin 0 0 0 0 0 1 0 0 0 0 0/0 5:53 0:00 0:00
Zach Hyman 0 1 1 -2 0 2 3 0 0 0 1/1 15:54 5:14 0:00
Players Stats for Winnipeg Jets
Player Name G A P +/- PIM S H SB GA TA FO MP PP MP PK MP
------------------------------------------------------------------------------------
Alex DeBrincat 0 0 0 -1 0 2 0 0 0 0 2/9 19:47 4:37 4:54
Andrew Cogliano 0 1 1 1 2 2 0 1 1 0 0/0 14:27 4:46 0:00
Barclay Goodrow 0 1 1 1 4 1 1 0 0 0 0/0 13:26 0:30 0:00
Calen Addison 0 0 0 1 0 0 1 1 0 2 0/0 17:37 5:23 0:00
Connor McDavid 0 0 0 -1 0 4 1 0 1 1 14/27 19:56 4:35 4:51
Dante Fabbro 0 0 0 1 0 0 4 3 0 2 0/0 27:03 4:32 5:43
Dylan Samberg 0 0 0 1 2 2 0 1 0 0 0/0 23:01 5:23 4:35
Joel Armia 2 0 2 1 0 3 0 1 0 0 0/1 12:59 0:00 0:06
Jordan Harris 0 0 0 -1 2 0 0 0 0 1 0/0 15:04 0:00 4:26
Kaapo Kakko 1 0 1 1 0 5 0 1 2 0 0/0 14:57 4:49 0:00
Kaiden Guhle 0 1 1 1 0 1 1 0 0 0 0/0 26:25 4:32 5:05
Klim Kostin 0 1 1 0 0 0 1 0 1 0 0/0 6:24 0:14 0:00
Lucas Raymond 0 0 0 -1 0 0 0 1 0 0 0/2 19:42 4:33 4:54
Matthew Beniers 0 2 2 1 0 2 0 0 0 0 2/10 13:39 0:34 0:00
Nick Suzuki 0 1 1 1 0 2 2 1 2 0 9/17 20:10 4:53 5:21
Pius Suter 1 0 1 0 0 1 0 0 0 0 0/1 6:56 0:14 0:06
Sam Steel 0 1 1 0 0 1 1 0 0 0 3/3 6:22 0:00 0:00
Ty Smith 0 0 0 -1 4 0 0 2 0 0 0/0 11:04 0:00 1:04
3 Stars
1 - Matthew Tkachuk (CGY)
2 - Joel Armia (WPG)
3 - Joel Eriksson Ek (CGY)
Power Play
Calgary Flames - 3 on 7 Attempt(s) - 42.86%
Winnipeg Jets - 0 on 5 Attempt(s) - 0.00%
Penalty Kill
Calgary Flames - 5 on 5 Attempt(s) - 100.00%
- Score 0 goal in Penalty Kill
Winnipeg Jets - 4 on 7 Attempt(s) - 57.14%
- Score 0 goal in Penalty Kill
Team Stat
Calgary Flames - Hits : 22 - Faceoff Wins : 40 - Blocked Shots : 8 - Penalty Minutes : 10
Winnipeg Jets - Hits : 12 - Faceoff Wins : 30 - Blocked Shots : 12 - Penalty Minutes : 14
Official
Referees : Wes McCauley and Kevin Pollock
Linesman : Michel Cormier and Kiel Murchison
Game Notes
2:12 of 1st period - Calgary Flames goal is going for a video replay. After video review, Goal.
Matthew Tkachuk has scored a Hat Trick!
Finance
Level 1 -- Attendance: 6000 (100.00%) -- Ticket Income $552,000
Level 2 -- Attendance: 4286 (85.72%) -- Ticket Income $235,730
Level 3 -- Attendance: 3000 (100.00%) -- Ticket Income $90,000
Level 4 -- Attendance: 4319 (86.38%) -- Ticket Income $95,018
Luxury Box -- Attendance: 1000 (100.00%) -- Ticket Income $190,000
Game was played at the MTS Centre.
Total Attendance: 18605 (93.03%)
Total Ticket Income: $1,162,748
Other Income: $406,962
Total Income: $1,569,710
Calgary Flames
5 vs 5 Forward
Center Left Wing Right Wing Time % Phy DF OF
1 J.T. Miller Matthew Tkachuk Joel Eriksson Ek 31 0 2 3
2 Sebastian Aho Zach Hyman Timo Meier 30 0 2 3
3 Nic Dowd Mathieu Joseph Oliver Bjorkstrand 29 0 2 3
4 Cole Sillinger Rafael Harvey-Pinard Yakov Trenin 10 1 3 1
5 vs 5 Defense
Defense Defense Time % Phy DF OF
1 Drew Doughty Rasmus Andersson 35 1 3 1
2 Ryan McDonagh Michael Anderson 35 1 3 1
3 Jacob Middleton Kris Letang 30 1 3 1
4 Kris Letang Drew Doughty 0 1 3 1
PowerPlay Forward
Center Left Wing Right Wing Time % Phy DF OF
1 J.T. Miller Matthew Tkachuk Joel Eriksson Ek 50 0 0 5
2 Sebastian Aho Zach Hyman Timo Meier 50 0 0 5
PowerPlay Defense
Defense Defense Time % Phy DF OF
1 Kris Letang Drew Doughty 50 0 0 5
2 Rasmus Andersson Michael Anderson 50 0 0 5
Penalty Kill 4 Players Forward
Center Wing Time % Phy DF OF
1 Joel Eriksson Ek Mathieu Joseph 50 0 5 0
2 J.T. Miller Nic Dowd 50 0 5 0
Penalty Kill 4 Players Defense
Defense Defense Time % Phy DF OF
1 Kris Letang Ryan McDonagh 50 0 5 0
2 Rasmus Andersson Drew Doughty 50 0 5 0
Penalty Kill - 3 Players Forward
Forward Time % Phy DF OF
1 J.T. Miller 50 0 5 0
2 Sebastian Aho 50 0 5 0
Penalty Kill - 3 Players Defense
Defense Defense Time % Phy DF OF
1 Kris Letang Drew Doughty 50 0 5 0
2 Ryan McDonagh Rasmus Andersson 50 0 5 0
4 vs 4 Forward
Center Wing Time % Phy DF OF
1 J.T. Miller Timo Meier 50 1 2 2
2 Sebastian Aho Zach Hyman 50 1 2 2
4 vs 4 Defense
Defense Defense Time % Phy DF OF
1 Kris Letang Drew Doughty 50 1 2 2
2 Rasmus Andersson Ryan McDonagh 50 1 2 2
Last Minutes Offensive
Center Left Wing Right Wing Defense Defense
J.T. Miller Matthew Tkachuk Sebastian Aho Kris Letang Drew Doughty
Last Minutes Defensive
Center Left Wing Right Wing Defense Defense
J.T. Miller Sebastian Aho Joel Eriksson Ek Ryan McDonagh Drew Doughty
Goaltenders
Starting : Ilya Sorokin
Backup : Samuel Montembeault
Extra Forwards
Normal : Nic Dowd, Joel Eriksson Ek, Mathieu Joseph - PP : Nic Dowd, Joel Eriksson Ek - PK : Mathieu Joseph
Extra Defensemen
Normal : Rasmus Andersson, Michael Anderson, Kris Letang - PP : Rasmus Andersson - PK : Michael Anderson, Kris Letang
Penalty Shots
J.T. Miller, Matthew Tkachuk, Sebastian Aho, Joel Eriksson Ek, Timo Meier
Winnipeg Jets
5 vs 5 Forward
Center Left Wing Right Wing Time % Phy DF OF
1 Connor McDavid Alex DeBrincat Lucas Raymond 30 1 2 2
2 Nick Suzuki Andrew Cogliano Kaapo Kakko 30 1 2 2
3 Matthew Beniers Barclay Goodrow Joel Armia 25 1 2 2
4 Sam Steel Pius Suter Klim Kostin 15 1 2 2
5 vs 5 Defense
Defense Defense Time % Phy DF OF
1 Dante Fabbro Kaiden Guhle 30 1 2 2
2 Dylan Samberg Calen Addison 30 1 2 2
3 Jordan Harris Ty Smith 25 1 2 2
4 Dante Fabbro Kaiden Guhle 15 1 2 2
PowerPlay Forward
Center Left Wing Right Wing Time % Phy DF OF
1 Connor McDavid Alex DeBrincat Lucas Raymond 50 1 2 2
2 Nick Suzuki Andrew Cogliano Kaapo Kakko 50 1 2 2
PowerPlay Defense
Defense Defense Time % Phy DF OF
1 Dante Fabbro Kaiden Guhle 50 1 2 2
2 Dylan Samberg Calen Addison 50 1 2 2
Penalty Kill 4 Players Forward
Center Wing Time % Phy DF OF
1 Connor McDavid Nick Suzuki 50 1 2 2
2 Alex DeBrincat Lucas Raymond 50 1 2 2
Penalty Kill 4 Players Defense
Defense Defense Time % Phy DF OF
1 Dante Fabbro Kaiden Guhle 50 1 2 2
2 Jordan Harris Dylan Samberg 50 1 2 2
Penalty Kill - 3 Players Forward
Forward Time % Phy DF OF
1 Connor McDavid 50 1 2 2
2 Nick Suzuki 50 1 2 2
Penalty Kill - 3 Players Defense
Defense Defense Time % Phy DF OF
1 Dante Fabbro Jordan Harris 50 1 2 2
2 Kaiden Guhle Ty Smith 50 1 2 2
4 vs 4 Forward
Center Wing Time % Phy DF OF
1 Connor McDavid Nick Suzuki 50 1 2 2
2 Alex DeBrincat Lucas Raymond 50 1 2 2
4 vs 4 Defense
Defense Defense Time % Phy DF OF
1 Dante Fabbro Dylan Samberg 50 1 2 2
2 Kaiden Guhle Jordan Harris 50 1 2 2
Last Minutes Offensive
Center Left Wing Right Wing Defense Defense
Connor McDavid Alex DeBrincat Lucas Raymond Dante Fabbro Kaiden Guhle
Last Minutes Defensive
Center Left Wing Right Wing Defense Defense
Connor McDavid Alex DeBrincat Lucas Raymond Dante Fabbro Kaiden Guhle
Goaltenders
Starting : Pavel Francouz
Backup : Spencer Knight
Extra Forwards
Normal : Matthew Beniers, Barclay Goodrow, Joel Armia - PP : Matthew Beniers, Barclay Goodrow - PK : Joel Armia
Extra Defensemen
Normal : Dylan Samberg, Jordan Harris, Dante Fabbro - PP : Dylan Samberg - PK : Jordan Harris, Dante Fabbro
Penalty Shots
Connor McDavid, Nick Suzuki, Alex DeBrincat, Lucas Raymond, Matthew Beniers
% Time on Ice - Calgary Flames
Lines # - Real PCT - Wanted PCT - Time Play
Normal Forward
1 - 32% - 31% - 12:44
2 - 26% - 30% - 10:28
3 - 27% - 29% - 10:36
4 - 15% - 10% - 5:53
Normal Defense
1 - 34% - 35% - 13:30
2 - 35% - 35% - 13:59
3 - 29% - 30% - 11:24
4 - 2% - 0% - 0:48
PP Forward
1 - 50% - 50% - 5:10
2 - 50% - 50% - 5:14
PP Defense
1 - 49% - 50% - 5:07
2 - 51% - 50% - 5:17
PK Forward
1 - 51% - 50% - 5:06
2 - 49% - 50% - 4:49
PK Defense
1 - 50% - 50% - 4:59
2 - 50% - 50% - 4:56
PK3 Forward
1 - 0% - 50%
2 - 0% - 50%
PK3 Defense
1 - 0% - 50%
2 - 0% - 50%
44 Forward
1 - 0% - 50%
2 - 0% - 50%
44 Defense
1 - 0% - 50%
2 - 0% - 50%
Last Minute Offensive - 0:00
Last Minute Defensive - 0:00
Total
Forward - 60:00
Defense - 60:00
|
% Time on Ice - Winnipeg Jets
Lines # - Real PCT - Wanted PCT - Time Play
Normal Forward
1 - 28% - 30% - 10:56
2 - 25% - 30% - 9:54
3 - 32% - 25% - 12:53
4 - 15% - 15% - 5:58
Normal Defense
1 - 30% - 30% - 11:50
2 - 33% - 30% - 13:04
3 - 25% - 25% - 9:49
4 - 13% - 15% - 4:58
PP Forward
1 - 48% - 50% - 4:45
2 - 52% - 50% - 5:10
PP Defense
1 - 46% - 50% - 4:32
2 - 54% - 50% - 5:23
PK Forward
1 - 48% - 50% - 4:48
2 - 52% - 50% - 5:06
PK Defense
1 - 45% - 50% - 4:29
2 - 55% - 50% - 5:25
PK3 Forward
1 - 10% - 50% - 0:03
2 - 90% - 50% - 0:27
PK3 Defense
1 - 0% - 50% - 0:00
2 - 100% - 50% - 0:30
44 Forward
1 - 0% - 50%
2 - 0% - 50%
44 Defense
1 - 0% - 50%
2 - 0% - 50%
Last Minute Offensive - 0:00
Last Minute Defensive - 0:00
Total
Forward - 60:00
Defense - 60:00
|
Play-by-Play
1st period
0:01 of 1st period - J.T. Miller wins face-off versus Connor McDavid in neutral zone.
0:33 of 1st period - Snap shot by Sebastian Aho.
0:33 of 1st period - Shot Misses the Net.
0:44 of 1st period - Icing by Nick Suzuki.
0:45 of 1st period - Nick Suzuki wins face-off versus Nic Dowd in Winnipeg Jets zone.
0:58 of 1st period - Slapshot by Joel Armia.
0:58 of 1st period - Shot Misses the Net.
1:14 of 1st period - Wrist shot by Sam Steel.
1:14 of 1st period - Stopped by Ilya Sorokin without a rebound.
1:15 of 1st period - Nick Suzuki wins face-off versus Cole Sillinger in Calgary Flames zone.
1:23 of 1st period - Icing by Ryan McDonagh.
1:24 of 1st period - Cole Sillinger wins face-off versus Nick Suzuki in Calgary Flames zone.
1:24 of 1st period - Cole Sillinger is hit by Nick Suzuki.
1:39 of 1st period - Minor Penalty to Andrew Cogliano for Interference.
1:40 of 1st period - Connor McDavid wins face-off versus J.T. Miller in Winnipeg Jets zone.
1:50 of 1st period - Slapshot by Matthew Tkachuk.
1:50 of 1st period - Stopped by Pavel Francouz with a rebound.
1:52 of 1st period - Slapshot by J.T. Miller.
1:52 of 1st period - Shot Blocked by Dante Fabbro.
1:54 of 1st period - Wrist shot by Joel Eriksson Ek.
1:54 of 1st period - Shot Blocked by Dante Fabbro.
1:56 of 1st period - Slapshot by Joel Eriksson Ek.
1:56 of 1st period - Shot Misses the Net.
2:10 of 1st period - Snap shot by Sebastian Aho.
2:10 of 1st period - Stopped by Pavel Francouz with a rebound.
2:12 of 1st period - Slapshot by Drew Doughty.
2:12 of 1st period - Calgary Flames goal is going for a video replay.
2:12 of 1st period - The goal is good.
2:12 of 1st period - Goal by Drew Doughty - Calgary Flames : 1 - Winnipeg Jets : 0.
2:13 of 1st period - Connor McDavid wins face-off versus J.T. Miller in neutral zone.
2:18 of 1st period - Snap shot by Connor McDavid.
2:18 of 1st period - Shot Misses the Net.
2:28 of 1st period - Snap shot by J.T. Miller.
2:28 of 1st period - Stopped by Pavel Francouz without a rebound.
2:29 of 1st period - Timo Meier wins face-off versus Joel Armia in Winnipeg Jets zone.
2:30 of 1st period - Snap shot by Sebastian Aho.
2:30 of 1st period - Deflect By Kaiden Guhle.
2:30 of 1st period - Shot Misses the Net.
2:30 of 1st period - Puck is out of play.
2:31 of 1st period - Matthew Beniers wins face-off versus Timo Meier in Winnipeg Jets zone.
2:40 of 1st period - Snap shot by Joel Armia.
2:40 of 1st period - Shot Blocked by Kris Letang.
2:46 of 1st period - Barclay Goodrow is hit by Timo Meier and loses puck.
3:00 of 1st period - Klim Kostin is hit by Mathieu Joseph and loses puck.
3:27 of 1st period - Slapshot by Connor McDavid.
3:27 of 1st period - Stopped by Ilya Sorokin with a rebound.
3:41 of 1st period - Backhand shot by Zach Hyman.
3:41 of 1st period - Shot Blocked by Andrew Cogliano.
4:15 of 1st period - Wrist shot by Rafael Harvey-Pinard.
4:15 of 1st period - Stopped by Pavel Francouz with a rebound.
4:35 of 1st period - Wrist shot by Pius Suter.
4:35 of 1st period - Goal by Pius Suter - Calgary Flames : 1 - Winnipeg Jets : 1.
4:36 of 1st period - Alex DeBrincat wins face-off versus Matthew Tkachuk in neutral zone.
4:43 of 1st period - Wrist shot by Matthew Tkachuk.
4:43 of 1st period - Shot Misses the Net.
4:45 of 1st period - Snap shot by J.T. Miller.
4:45 of 1st period - Stopped by Pavel Francouz with a rebound.
4:53 of 1st period - Snap shot by Matthew Tkachuk.
4:53 of 1st period - Stopped by Pavel Francouz with a rebound.
5:20 of 1st period - Ty Smith is hit by Michael Anderson and loses puck.
6:36 of 1st period - Snap shot by Timo Meier.
6:36 of 1st period - Stopped by Pavel Francouz without a rebound.
6:37 of 1st period - Nic Dowd wins face-off versus Matthew Beniers in Winnipeg Jets zone.
6:58 of 1st period - Minor Penalty to Drew Doughty for Hooking.
6:59 of 1st period - Joel Eriksson Ek wins face-off versus Connor McDavid in Calgary Flames zone.
7:08 of 1st period - Rasmus Andersson is hit by Dante Fabbro and loses puck.
7:15 of 1st period - Snap shot by Connor McDavid.
7:15 of 1st period - Shot Blocked by J.T. Miller.
8:58 of 1st period - Penalty to Drew Doughty is over, Drew Doughty is back on ice.
8:59 of 1st period - Pius Suter is hit by Matthew Tkachuk and loses puck.
10:38 of 1st period - Off-side.
10:39 of 1st period - J.T. Miller wins face-off versus Connor McDavid in neutral zone.
10:48 of 1st period - Snap shot by Matthew Tkachuk.
10:48 of 1st period - Shot Misses the Net.
11:05 of 1st period - Nick Suzuki is hit by Mathieu Joseph and loses puck.
11:26 of 1st period - Wrist shot by Timo Meier.
11:26 of 1st period - Deflect By Sebastian Aho.
11:26 of 1st period - Stopped by Pavel Francouz without a rebound.
11:27 of 1st period - Sebastian Aho wins face-off versus Matthew Beniers in Winnipeg Jets zone.
11:28 of 1st period - Snap shot by Zach Hyman.
11:28 of 1st period - Shot Misses the Net.
11:34 of 1st period - Snap shot by Joel Armia.
11:34 of 1st period - Goal by Joel Armia - Calgary Flames : 1 - Winnipeg Jets : 2.
11:35 of 1st period - J.T. Miller wins face-off versus Connor McDavid in neutral zone.
11:46 of 1st period - Joel Eriksson Ek is hit by Connor McDavid and loses puck.
12:25 of 1st period - Wrist shot by Drew Doughty.
12:25 of 1st period - Shot Misses the Net.
13:02 of 1st period - Wrist shot by Matthew Beniers.
13:02 of 1st period - Deflect By Barclay Goodrow.
13:02 of 1st period - Stopped by Ilya Sorokin with a rebound.
13:16 of 1st period - Wrist shot by Joel Armia.
13:16 of 1st period - Stopped by Ilya Sorokin without a rebound.
13:17 of 1st period - J.T. Miller wins face-off versus Connor McDavid in Calgary Flames zone.
13:19 of 1st period - Minor Penalty to Matthew Tkachuk for Cross-checking.
13:20 of 1st period - J.T. Miller wins face-off versus Nick Suzuki in Calgary Flames zone.
14:39 of 1st period - Calen Addison is hit by Rasmus Andersson.
15:19 of 1st period - Penalty to Matthew Tkachuk is over, Matthew Tkachuk is back on ice.
15:37 of 1st period - Wrist shot by Matthew Beniers.
15:37 of 1st period - Stopped by Ilya Sorokin with a rebound.
15:59 of 1st period - Icing by Jordan Harris.
16:00 of 1st period - Sebastian Aho wins face-off versus Pius Suter in Winnipeg Jets zone.
16:13 of 1st period - Backhand shot by Timo Meier.
16:13 of 1st period - Shot Misses the Net.
16:15 of 1st period - Wrist shot by Sebastian Aho.
16:15 of 1st period - Stopped by Pavel Francouz without a rebound.
16:16 of 1st period - Nick Suzuki wins face-off versus Cole Sillinger in Winnipeg Jets zone.
16:23 of 1st period - Snap shot by Andrew Cogliano.
16:23 of 1st period - Stopped by Ilya Sorokin with a rebound.
16:53 of 1st period - Wrist shot by Zach Hyman.
16:53 of 1st period - Shot Misses the Net.
17:07 of 1st period - Snap shot by Joel Armia.
17:07 of 1st period - Shot Misses the Net.
17:09 of 1st period - Slapshot by Kaiden Guhle.
17:09 of 1st period - Stopped by Ilya Sorokin without a rebound.
17:10 of 1st period - J.T. Miller wins face-off versus Matthew Beniers in Calgary Flames zone.
17:19 of 1st period - Dante Fabbro is hit by J.T. Miller and loses puck.
17:34 of 1st period - Alex DeBrincat is hit by Jacob Middleton and loses puck.
18:02 of 1st period - Snap shot by Kris Letang.
18:02 of 1st period - Shot Blocked by Kaapo Kakko.
18:04 of 1st period - Wrist shot by Cole Sillinger.
18:04 of 1st period - Stopped by Pavel Francouz with a rebound.
18:06 of 1st period - Slapshot by Kris Letang.
18:06 of 1st period - Shot Misses the Net.
18:17 of 1st period - Icing by Nick Suzuki.
18:18 of 1st period - Nick Suzuki wins face-off versus J.T. Miller in Winnipeg Jets zone.
18:50 of 1st period - Off-side.
18:51 of 1st period - Nic Dowd wins face-off versus Connor McDavid in neutral zone.
19:06 of 1st period - Snap shot by Oliver Bjorkstrand.
19:06 of 1st period - Stopped by Pavel Francouz without a rebound.
19:07 of 1st period - Sam Steel wins face-off versus Matthew Tkachuk in Winnipeg Jets zone.
19:57 of 1st period - Calen Addison is hit by Michael Anderson and loses puck.
Goals for this period are 1 for Calgary Flames vs 2 for Winnipeg Jets.
Shots for this period are 12 for Calgary Flames vs 9 for Winnipeg Jets.
2nd period
0:01 of 2nd period - Nic Dowd wins face-off versus Alex DeBrincat in neutral zone.
1:01 of 2nd period - Icing by Timo Meier.
1:02 of 2nd period - Connor McDavid wins face-off versus Sebastian Aho in Calgary Flames zone.
1:07 of 2nd period - Wrist shot by Alex DeBrincat.
1:07 of 2nd period - Stopped by Ilya Sorokin without a rebound.
1:08 of 2nd period - Connor McDavid wins face-off versus Oliver Bjorkstrand in Calgary Flames zone.
2:09 of 2nd period - Snap shot by Barclay Goodrow.
2:09 of 2nd period - Shot Misses the Net.
2:11 of 2nd period - Snap shot by Joel Armia.
2:11 of 2nd period - Goal by Joel Armia - Calgary Flames : 1 - Winnipeg Jets : 3.
2:12 of 2nd period - Connor McDavid wins face-off versus Nic Dowd in neutral zone.
2:16 of 2nd period - Minor Penalty to Jacob Middleton for Slashing.
2:17 of 2nd period - Joel Eriksson Ek wins face-off versus Nick Suzuki in Calgary Flames zone.
4:16 of 2nd period - Penalty to Jacob Middleton is over, Jacob Middleton is back on ice.
4:28 of 2nd period - Rasmus Andersson is hit by Sam Steel and loses puck.
4:45 of 2nd period - Joel Armia is hit by Cole Sillinger and loses puck.
5:36 of 2nd period - Minor Penalty to Ty Smith for Slashing.
5:37 of 2nd period - Connor McDavid wins face-off versus Sebastian Aho in Winnipeg Jets zone.
5:48 of 2nd period - Snap shot by Zach Hyman.
5:48 of 2nd period - Stopped by Pavel Francouz without a rebound.
5:49 of 2nd period - J.T. Miller wins face-off versus Alex DeBrincat in Winnipeg Jets zone.
6:23 of 2nd period - Slapshot by Connor McDavid.
6:23 of 2nd period - Shot Misses the Net.
6:25 of 2nd period - Slapshot by Dylan Samberg.
6:25 of 2nd period - Stopped by Ilya Sorokin with a rebound.
6:27 of 2nd period - Slapshot by Dylan Samberg.
6:27 of 2nd period - Stopped by Ilya Sorokin without a rebound.
6:28 of 2nd period - Connor McDavid wins face-off versus J.T. Miller in Calgary Flames zone.
7:33 of 2nd period - Icing by Sebastian Aho.
7:34 of 2nd period - Connor McDavid wins face-off versus J.T. Miller in Calgary Flames zone.
7:36 of 2nd period - Penalty to Ty Smith is over, Ty Smith is back on ice.
8:23 of 2nd period - Wrist shot by Klim Kostin.
8:23 of 2nd period - Shot Misses the Net.
8:40 of 2nd period - Slapshot by Rasmus Andersson.
8:40 of 2nd period - Shot Blocked by Lucas Raymond.
9:04 of 2nd period - Snap shot by Kaapo Kakko.
9:04 of 2nd period - Stopped by Ilya Sorokin with a rebound.
9:47 of 2nd period - Zach Hyman is hit by Klim Kostin and loses puck.
9:58 of 2nd period - Slapshot by Kris Letang.
9:58 of 2nd period - Shot Misses the Net.
10:14 of 2nd period - Minor Penalty to Dylan Samberg for Cross-checking.
10:15 of 2nd period - Sebastian Aho wins face-off versus Connor McDavid in Winnipeg Jets zone.
10:16 of 2nd period - Wrist shot by Timo Meier.
10:16 of 2nd period - Shot Blocked by Dante Fabbro.
10:28 of 2nd period - Wrist shot by Nick Suzuki.
10:28 of 2nd period - Stopped by Ilya Sorokin with a rebound.
10:30 of 2nd period - Slapshot by Kaiden Guhle.
10:30 of 2nd period - Shot Misses the Net.
10:32 of 2nd period - Slapshot by Dante Fabbro.
10:32 of 2nd period - Shot Misses the Net.
10:54 of 2nd period - Icing by Rasmus Andersson.
10:55 of 2nd period - Joel Eriksson Ek wins face-off versus Alex DeBrincat in Calgary Flames zone.
11:18 of 2nd period - Jordan Harris is hit by Joel Eriksson Ek and loses puck.
11:49 of 2nd period - Slapshot by J.T. Miller.
11:49 of 2nd period - Stopped by Pavel Francouz with a rebound.
11:51 of 2nd period - Slapshot by Michael Anderson.
11:51 of 2nd period - Stopped by Pavel Francouz with a rebound.
11:53 of 2nd period - Snap shot by Rasmus Andersson.
11:53 of 2nd period - Deflect By Joel Eriksson Ek.
11:53 of 2nd period - Shot Misses the Net.
11:53 of 2nd period - Puck is out of play.
11:54 of 2nd period - Connor McDavid wins face-off versus Sebastian Aho in Winnipeg Jets zone.
11:59 of 2nd period - Wrist shot by Sebastian Aho.
11:59 of 2nd period - Goal by Sebastian Aho - Calgary Flames : 2 - Winnipeg Jets : 3.
12:00 of 2nd period - Nic Dowd wins face-off versus Connor McDavid in neutral zone.
12:03 of 2nd period - Snap shot by Kris Letang.
12:03 of 2nd period - Deflect By Connor McDavid.
12:03 of 2nd period - Stopped by Pavel Francouz with a rebound.
12:11 of 2nd period - Wrist shot by Alex DeBrincat.
12:11 of 2nd period - Stopped by Ilya Sorokin without a rebound.
12:12 of 2nd period - J.T. Miller wins face-off versus Connor McDavid in Calgary Flames zone.
12:14 of 2nd period - Minor Penalty to Rasmus Andersson for Roughing.
12:15 of 2nd period - J.T. Miller wins face-off versus Nick Suzuki in Calgary Flames zone.
13:12 of 2nd period - Snap shot by Joel Eriksson Ek.
13:12 of 2nd period - Shot Misses the Net.
14:14 of 2nd period - Penalty to Rasmus Andersson is over, Rasmus Andersson is back on ice.
14:29 of 2nd period - Zach Hyman is hit by Kaiden Guhle and loses puck.
14:54 of 2nd period - Snap shot by Joel Armia.
14:54 of 2nd period - Shot Blocked by Jacob Middleton.
15:08 of 2nd period - Slapshot by Kris Letang.
15:08 of 2nd period - Stopped by Pavel Francouz with a rebound.
15:10 of 2nd period - Wrist shot by Yakov Trenin.
15:10 of 2nd period - Shot Misses the Net.
15:12 of 2nd period - Slapshot by Yakov Trenin.
15:12 of 2nd period - Stopped by Pavel Francouz with a rebound.
15:14 of 2nd period - Backhand shot by Yakov Trenin.
15:14 of 2nd period - Deflect By Joel Armia.
15:14 of 2nd period - Shot Misses the Net.
15:14 of 2nd period - Puck is out of play.
15:15 of 2nd period - J.T. Miller wins face-off versus Matthew Beniers in Winnipeg Jets zone.
15:51 of 2nd period - Dylan Samberg is hit by Michael Anderson and loses puck.
16:02 of 2nd period - Slapshot by Zach Hyman.
16:02 of 2nd period - Shot Misses the Net.
16:04 of 2nd period - Slapshot by Michael Anderson.
16:04 of 2nd period - Shot Blocked by Dylan Samberg.
16:06 of 2nd period - Snap shot by Zach Hyman.
16:06 of 2nd period - Shot Misses the Net.
16:08 of 2nd period - Slapshot by Ryan McDonagh.
16:08 of 2nd period - Stopped by Pavel Francouz without a rebound.
16:09 of 2nd period - J.T. Miller wins face-off versus Connor McDavid in Winnipeg Jets zone.
16:57 of 2nd period - Kaiden Guhle is hit by Michael Anderson and loses puck.
17:09 of 2nd period - Minor Penalty to Timo Meier for Tripping.
17:10 of 2nd period - Nick Suzuki wins face-off versus J.T. Miller in Calgary Flames zone.
17:18 of 2nd period - Wrist shot by Kaapo Kakko.
17:18 of 2nd period - Stopped by Ilya Sorokin without a rebound.
17:19 of 2nd period - J.T. Miller wins face-off versus Nick Suzuki in Calgary Flames zone.
17:30 of 2nd period - Snap shot by Nick Suzuki.
17:30 of 2nd period - Shot Misses the Net.
17:50 of 2nd period - Backhand shot by Kaapo Kakko.
17:50 of 2nd period - Stopped by Ilya Sorokin with a rebound.
17:52 of 2nd period - Snap shot by Nick Suzuki.
17:52 of 2nd period - Stopped by Ilya Sorokin without a rebound.
17:53 of 2nd period - J.T. Miller wins face-off versus Connor McDavid in Calgary Flames zone.
18:04 of 2nd period - Wrist shot by J.T. Miller.
18:04 of 2nd period - Shot Misses the Net.
18:20 of 2nd period - Rasmus Andersson is hit by Nick Suzuki.
19:09 of 2nd period - Penalty to Timo Meier is over, Timo Meier is back on ice.
19:16 of 2nd period - Drew Doughty is hit by Dante Fabbro and loses puck.
19:28 of 2nd period - Minor Penalty to Barclay Goodrow for Holding Stick.
19:29 of 2nd period - Alex DeBrincat wins face-off versus Sebastian Aho in Winnipeg Jets zone.
19:29 of 2nd period - Alex DeBrincat is hit by Zach Hyman.
19:38 of 2nd period - Off-side.
19:39 of 2nd period - Sebastian Aho wins face-off versus Connor McDavid in neutral zone.
Goals for this period are 1 for Calgary Flames vs 1 for Winnipeg Jets.
Shots for this period are 8 for Calgary Flames vs 10 for Winnipeg Jets.
3rd period
0:01 of 3rd period - Sebastian Aho wins face-off versus Alex DeBrincat in neutral zone.
1:28 of 3rd period - Penalty to Barclay Goodrow is over, Barclay Goodrow is back on ice.
1:35 of 3rd period - Wrist shot by Mathieu Joseph.
1:35 of 3rd period - Stopped by Pavel Francouz without a rebound.
1:36 of 3rd period - Sam Steel wins face-off versus Nic Dowd in Winnipeg Jets zone.
1:41 of 3rd period - Snap shot by Oliver Bjorkstrand.
1:41 of 3rd period - Goal by Oliver Bjorkstrand - Calgary Flames : 3 - Winnipeg Jets : 3.
1:42 of 3rd period - J.T. Miller wins face-off versus Connor McDavid in neutral zone.
1:44 of 3rd period - Off-side.
1:45 of 3rd period - Connor McDavid wins face-off versus J.T. Miller in neutral zone.
2:05 of 3rd period - Icing by Michael Anderson.
2:06 of 3rd period - Nick Suzuki wins face-off versus J.T. Miller in Calgary Flames zone.
2:11 of 3rd period - Snap shot by Kaapo Kakko.
2:11 of 3rd period - Shot Misses the Net.
2:35 of 3rd period - Wrist shot by Mathieu Joseph.
2:35 of 3rd period - Stopped by Pavel Francouz without a rebound.
2:36 of 3rd period - Connor McDavid wins face-off versus Nic Dowd in Winnipeg Jets zone.
2:44 of 3rd period - Off-side.
2:45 of 3rd period - J.T. Miller wins face-off versus Lucas Raymond in neutral zone.
3:03 of 3rd period - Slapshot by Connor McDavid.
3:03 of 3rd period - Stopped by Ilya Sorokin with a rebound.
3:05 of 3rd period - Slapshot by Dylan Samberg.
3:05 of 3rd period - Shot Misses the Net.
3:07 of 3rd period - Snap shot by Connor McDavid.
3:07 of 3rd period - Stopped by Ilya Sorokin without a rebound.
3:08 of 3rd period - Nic Dowd wins face-off versus Nick Suzuki in Calgary Flames zone.
3:08 of 3rd period - Nic Dowd is hit by Dante Fabbro.
3:42 of 3rd period - Wrist shot by Zach Hyman.
3:42 of 3rd period - Shot Misses the Net.
4:22 of 3rd period - Wrist shot by Matthew Tkachuk.
4:22 of 3rd period - Shot Blocked by Nick Suzuki.
4:46 of 3rd period - Snap shot by Mathieu Joseph.
4:46 of 3rd period - Stopped by Pavel Francouz with a rebound.
4:48 of 3rd period - Snap shot by Oliver Bjorkstrand.
4:48 of 3rd period - Stopped by Pavel Francouz with a rebound.
4:52 of 3rd period - Wrist shot by Mathieu Joseph.
4:52 of 3rd period - Stopped by Pavel Francouz with a rebound.
4:54 of 3rd period - Slapshot by Rasmus Andersson.
4:54 of 3rd period - Shot Misses the Net.
6:14 of 3rd period - Calen Addison is hit by Sebastian Aho and loses puck.
6:32 of 3rd period - Slapshot by Joel Eriksson Ek.
6:32 of 3rd period - Shot Blocked by Ty Smith.
6:34 of 3rd period - Wrist shot by Matthew Tkachuk.
6:34 of 3rd period - Goal by Matthew Tkachuk - Calgary Flames : 4 - Winnipeg Jets : 3.
6:35 of 3rd period - Nick Suzuki wins face-off versus Nic Dowd in neutral zone.
7:13 of 3rd period - Wrist shot by Connor McDavid.
7:13 of 3rd period - Stopped by Ilya Sorokin without a rebound.
7:14 of 3rd period - Matthew Beniers wins face-off versus Nic Dowd in Calgary Flames zone.
7:17 of 3rd period - Snap shot by Matthew Beniers.
7:17 of 3rd period - Stopped by Ilya Sorokin with a rebound.
7:19 of 3rd period - Wrist shot by Joel Armia.
7:19 of 3rd period - Deflect By Matthew Beniers.
7:19 of 3rd period - Shot Misses the Net.
7:19 of 3rd period - Puck is out of play.
7:20 of 3rd period - Nic Dowd wins face-off versus Matthew Beniers in Calgary Flames zone.
7:20 of 3rd period - Nic Dowd is hit by Barclay Goodrow.
7:47 of 3rd period - Minor Penalty to Barclay Goodrow for High sticking.
7:48 of 3rd period - Sebastian Aho wins face-off versus Alex DeBrincat in Winnipeg Jets zone.
9:47 of 3rd period - Penalty to Barclay Goodrow is over, Barclay Goodrow is back on ice.
9:58 of 3rd period - Wrist shot by Matthew Beniers.
9:58 of 3rd period - Shot Blocked by Nic Dowd.
10:21 of 3rd period - Snap shot by Cole Sillinger.
10:21 of 3rd period - Stopped by Pavel Francouz without a rebound.
10:22 of 3rd period - Cole Sillinger wins face-off versus Matthew Beniers in Winnipeg Jets zone.
10:32 of 3rd period - Minor Penalty to Jordan Harris for High sticking.
10:33 of 3rd period - Zach Hyman wins face-off versus Alex DeBrincat in Winnipeg Jets zone.
10:41 of 3rd period - Snap shot by Zach Hyman.
10:41 of 3rd period - Deflect By Sebastian Aho.
10:41 of 3rd period - Shot Misses the Net.
10:41 of 3rd period - Puck is out of play.
10:42 of 3rd period - Sebastian Aho wins face-off versus Alex DeBrincat in Winnipeg Jets zone.
10:55 of 3rd period - Wrist shot by Sebastian Aho.
10:55 of 3rd period - Stopped by Pavel Francouz without a rebound.
10:56 of 3rd period - Connor McDavid wins face-off versus J.T. Miller in Winnipeg Jets zone.
10:56 of 3rd period - Connor McDavid is hit by Joel Eriksson Ek.
12:01 of 3rd period - Minor Penalty to Ty Smith for Interference.
12:02 of 3rd period - Connor McDavid wins face-off versus J.T. Miller in Winnipeg Jets zone.
12:15 of 3rd period - Kaiden Guhle is hit by Matthew Tkachuk and loses puck.
12:28 of 3rd period - Nick Suzuki is hit by Zach Hyman and loses puck.
12:32 of 3rd period - Penalty to Jordan Harris is over, Jordan Harris is back on ice.
12:37 of 3rd period - Wrist shot by Zach Hyman.
12:37 of 3rd period - Deflect By Timo Meier.
12:37 of 3rd period - Stopped by Pavel Francouz without a rebound.
12:38 of 3rd period - J.T. Miller wins face-off versus Lucas Raymond in Winnipeg Jets zone.
12:39 of 3rd period - Snap shot by Matthew Tkachuk.
12:39 of 3rd period - Shot Misses the Net.
12:41 of 3rd period - Backhand shot by Joel Eriksson Ek.
12:41 of 3rd period - Deflect By Matthew Tkachuk.
12:41 of 3rd period - Goal by Matthew Tkachuk - Calgary Flames : 5 - Winnipeg Jets : 3.
12:42 of 3rd period - J.T. Miller wins face-off versus Nick Suzuki in neutral zone.
12:49 of 3rd period - Wrist shot by Kaapo Kakko.
12:49 of 3rd period - Shot Blocked by J.T. Miller.
12:51 of 3rd period - Wrist shot by Nick Suzuki.
12:51 of 3rd period - Shot Blocked by J.T. Miller.
12:53 of 3rd period - Snap shot by Kaiden Guhle.
12:53 of 3rd period - Shot Blocked by Michael Anderson.
12:55 of 3rd period - Snap shot by Kaapo Kakko.
12:55 of 3rd period - Shot Misses the Net.
13:07 of 3rd period - Connor McDavid is hit by Zach Hyman and loses puck.
13:28 of 3rd period - Dylan Samberg is hit by Mathieu Joseph and loses puck.
14:15 of 3rd period - Wrist shot by Sebastian Aho.
14:15 of 3rd period - Stopped by Pavel Francouz without a rebound.
14:16 of 3rd period - Sebastian Aho wins face-off versus Nick Suzuki in Winnipeg Jets zone.
14:19 of 3rd period - Wrist shot by Timo Meier.
14:19 of 3rd period - Stopped by Pavel Francouz without a rebound.
14:20 of 3rd period - Nick Suzuki wins face-off versus Joel Eriksson Ek in Winnipeg Jets zone.
14:27 of 3rd period - Snap shot by Kaapo Kakko.
14:27 of 3rd period - Shot Misses the Net.
14:29 of 3rd period - Wrist shot by Kaapo Kakko.
14:29 of 3rd period - Shot Blocked by Drew Doughty.
14:31 of 3rd period - Snap shot by Andrew Cogliano.
14:31 of 3rd period - Stopped by Ilya Sorokin with a rebound.
14:33 of 3rd period - Slapshot by Kaapo Kakko.
14:33 of 3rd period - Goal by Kaapo Kakko - Calgary Flames : 5 - Winnipeg Jets : 4.
14:34 of 3rd period - Nick Suzuki wins face-off versus Matthew Tkachuk in neutral zone.
14:37 of 3rd period - Snap shot by Andrew Cogliano.
14:37 of 3rd period - Shot Misses the Net.
15:01 of 3rd period - Nic Dowd is hit by Dante Fabbro and loses puck.
15:27 of 3rd period - Wrist shot by Rafael Harvey-Pinard.
15:27 of 3rd period - Shot Blocked by Ty Smith.
15:29 of 3rd period - Snap shot by Cole Sillinger.
15:29 of 3rd period - Stopped by Pavel Francouz with a rebound.
16:11 of 3rd period - Slapshot by Kaapo Kakko.
16:11 of 3rd period - Stopped by Ilya Sorokin without a rebound.
16:12 of 3rd period - Nic Dowd wins face-off versus Matthew Beniers in Calgary Flames zone.
16:32 of 3rd period - Icing by Kaiden Guhle.
16:33 of 3rd period - J.T. Miller wins face-off versus Matthew Beniers in Winnipeg Jets zone.
16:42 of 3rd period - Snap shot by Matthew Tkachuk.
16:42 of 3rd period - Stopped by Pavel Francouz with a rebound.
17:31 of 3rd period - Snap shot by Matthew Tkachuk.
17:31 of 3rd period - Shot Blocked by Joel Armia.
17:33 of 3rd period - Slapshot by Kris Letang.
17:33 of 3rd period - Stopped by Pavel Francouz with a rebound.
18:02 of 3rd period - Barclay Goodrow is hit by Matthew Tkachuk and loses puck.
18:09 of 3rd period - Wrist shot by Matthew Tkachuk.
18:09 of 3rd period - Goal by Matthew Tkachuk - Calgary Flames : 6 - Winnipeg Jets : 4.
18:10 of 3rd period - Sam Steel wins face-off versus Nic Dowd in neutral zone.
18:35 of 3rd period - Snap shot by Zach Hyman.
18:35 of 3rd period - Stopped by Pavel Francouz with a rebound.
18:45 of 3rd period - Wrist shot by Timo Meier.
18:45 of 3rd period - Shot Misses the Net.
18:47 of 3rd period - Snap shot by Timo Meier.
18:47 of 3rd period - Deflect By Calen Addison.
18:47 of 3rd period - Shot Blocked by Calen Addison.
18:47 of 3rd period - Puck is out of play.
18:48 of 3rd period - Connor McDavid wins face-off versus Nic Dowd in Winnipeg Jets zone.
18:48 of 3rd period - Connor McDavid is hit by Mathieu Joseph.
19:37 of 3rd period - Michael Anderson is hit by Calen Addison and loses puck.
Goals for this period are 4 for Calgary Flames vs 1 for Winnipeg Jets.
Shots for this period are 18 for Calgary Flames vs 7 for Winnipeg Jets.
Back to the Top